AoeStats
← flusha

Golden Pit

510019207Analyzed
1v1 RM · 2d ago on Sep 29, 2026· 45m 27s· 2 players
Game mode
Random Map
Map size
Tiny (2 player)
Population
200
Speed
Normal
Resources
Standard
Victory
Conquest
Starting age
Dark Age
Ending age
Imperial Age
RankedLock teamsTeams togetherTeam positionsShared explorationLock speedFull tech treeHidden civsTurbo modeCheats
Victory
Defeat
🇪🇨 Mongols · Ecuador
998
+17
🇦🇷 Britons · Argentina
1026
-17
[TKILLA] Elmiko
4:22 Loom
12:50 Feudal Age
13:21 Double-Bit Axe
13:19 Horse Collar
18:22 Castle Age
17:44 Forging
17:43 Scale Barding Armor
20:41 Husbandry
20:41 Gold Mining
25:28 Iron Casting
27:33 Elite Skirmisher
29:33 Bow Saw
30:22 Fletching
30:33 Padded Archer Armor
31:25 Ballistics
37:23 Imperial Age
35:58 Leather Archer Armor
36:05 Bodkin Arrow
38:11 Bloodlines
39:06 Stone Mining
39:53 Gold Shaft Mining
40:19 Masonry
40:49 Stone Shaft Mining
41:17 Thumb Ring
44:02 Bracer
44:22 Chain Barding Armor
45:03 Blast Furnace
46:38 Chemistry
45:34 Murder Holes
flusha
10:57 Feudal Age
12:32 Wheelbarrow
11:47 Double-Bit Axe
12:24 Arson
15:16 Loom
16:01 Scale Mail Armor
15:23 Man-at-Arms
17:17 Horse Collar
21:50 Castle Age
20:53 Stone Mining
22:12 Forging
22:32 Gambesons
22:36 Pikeman
23:45 Chain Mail Armor
27:01 Heavy Plow
28:34 Fletching
28:40 Gold Mining
30:06 Bodkin Arrow
31:01 Padded Archer Armor
32:23 Iron Casting
34:31 Leather Archer Armor
34:38 Bow Saw
35:02 Coinage
35:49 Gold Shaft Mining
35:51 Hand Cart
40:09 Imperial Age
38:10 Yeomen
39:31 Sanctity
39:22 Fervor
41:01 Warwolf
41:50 Warwolf
41:59 Husbandry
41:21 Light Cavalry
42:13 Bracer
42:44 Ring Archer Armor
43:14 Plate Mail Armor
43:45 Conscription
44:07 Scale Barding Armor
45:05 Blast Furnace
Connection lost

Rejoining the realm…

Still unreachable

The connection could not be restored.

Session expired

The server has moved on; the page needs a fresh start.